[Event "World Junior U20 Girls 2018"]
[Site "Gebze"]
[Date "2018.09.14"]
[Round "10"]
[White "Hereklioglu, Sude"]
[Black "Duran, Esma Doga"]
[Result "1/2-1/2"]
[ECO "D03"]
[WhiteElo "1930"]
[BlackElo "1825"]
[Annotator "NA"]
[PlyCount "61"]
[EventDate "2018.09.05"]
[EventType "swiss"]
[EventCountry "TUR"]
[SourceTitle "playchess.com"]
[Source "ChessBase"]
[SourceQuality "1"]
[TimeControl "40/5400+30:1800+30"]

1. d4 d5 2. Nf3 Nf6 3. Bg5 Ne4 4. Bf4 Bf5 5. Nbd2 e6 6. e3 Bd6 7. Bxd6 {[%emt 0:04:30] LiveBook: 11 Games} Qxd6 8. c3 O-O 9. Nh4 Nd7 10. Nxf5 exf5 11. Bd3 Rfe8 $11 12. O-O Re6 13. c4 Rh6 14. f4 c6 15. cxd5 cxd5 16. Nf3 Re6 17. Ne5 f6 18. Bxe4 fxe4 19. Nxd7 Qxd7 20. Rc1 f5 21. Kh1 Rc8 22. Rxc8+ Qxc8 23. g4 Rb6 24. gxf5 Qxf5 25. Qa4 Rxb2 26. Qe8+ Qf8 27. Qe6+ Qf7 28. Qc8+ Qf8 29. Qe6+ Qf7 30. Qc8+ Qf8 31. Qe6+ 1/2-1/2

[Event "World Junior U20 Girls 2018"]
[Site "Gebze"]
[Date "2018.09.14"]
[Round "10"]
[White "Tian, Shi Yuan"]
[Black "Caballero Quijano, Mitzy Mishell"]
[Result "0-1"]
[ECO "E16"]
[WhiteElo "1923"]
[BlackElo "2034"]
[Annotator "NA"]
[PlyCount "94"]
[EventDate "2018.09.05"]
[EventType "swiss"]
[EventCountry "TUR"]
[SourceTitle "playchess.com"]
[Source "ChessBase"]
[SourceQuality "1"]
[TimeControl "40/5400+30:1800+30"]

1. d4 Nf6 2. Nf3 e6 3. c4 Bb4+ 4. Bd2 Bxd2+ 5. Nbxd2 O-O 6. g3 b6 7. Bg2 Bb7 8. O-O c5 {[%emt 0:05:30] LiveBook: 33 Games} 9. Rc1 cxd4 10. Nb3 d5 $146 {[%emt 0:07:30] E16: Damenindisch (Hauptfortsetzung mit Lb4)} ({Vorgänger:} 10... d6 11. Nbxd4 a6 12. b4 Nbd7 13. Nb3 Qc7 14. Qd4 a5 15. c5 bxc5 16. bxc5 d5 17. Rc2 Bc6 18. Rfc1 {1-0 (78) Azmaiparashvili,Z (2460)-Kholmov,R (2450) Vani 1985}) 11. Ne5 Nbd7 12. Qxd4 Rc8 13. Rfd1 Nc5 14. Nxc5 bxc5 15. Qf4 Qa5 16. a3 Rfd8 17. cxd5 exd5 18. Bf3 Qc7 19. e3 Re8 20. Nd3 Qb6 21. Rc2 a5 22. Qh4 h6 23. Qh3 c4 24. Nc1 Rc5 25. Ne2 Rb5 26. Nc3 Rb3 $11 ({Better is} 26... d4 $1 $19 27. Nxb5 (27. Na4 $2 Bxf3 28. Nxb6 Bxd1 $19) 27... Bxf3 28. Rxd4 Qxb5) 27. Nxd5 Bxd5 28. Bxd5 Rxb2 29. Rxc4 Rxf2 30. Rc8 Qxe3 31. Rxe8+ Nxe8 32. Kh1 Rd2 33. Qh5 Rxd1+ 34. Qxd1 Qxa3 35. Bb3 Qe7 36. Qd5 Nf6 37. Qa8+ Kh7 38. Bc2+ g6 39. Qxa5 Qe2 40. Qa1 Ng4 41. Bxg6+ Kxg6 42. Qb1+ Kg7 43. Qa1+ f6 44. Qa7+ Kg6 45. Qg1 h5 46. Qb1+ Kh6 47. Qc1+ Ne3 0-1

[Event "World Junior U20 Girls 2018"]
[Site "Gebze"]
[Date "2018.09.14"]
[Round "10"]
[White "Koo, Wei Xin Rosamund"]
[Black "Koljevic, Nikolina"]
[Result "*"]
[ECO "D34"]
[WhiteElo "1918"]
[BlackElo "1898"]
[Annotator "NA"]
[PlyCount "34"]
[EventDate "2018.09.05"]
[EventType "swiss"]
[EventCountry "TUR"]
[SourceTitle "playchess.com"]
[Source "ChessBase"]
[SourceQuality "1"]
[TimeControl "40/5400+30:1800+30"]

1. d4 d5 2. Nf3 e6 3. c4 c5 4. cxd5 exd5 5. g3 Nf6 6. Bg2 Be7 7. O-O O-O 8. Nc3 Nc6 9. Bg5 cxd4 10. Nxd4 h6 11. Be3 Bg4 12. h3 Be6 13. Rc1 Rc8 14. Nxc6 bxc6 15. Na4 Qd7 16. Nc5 $11 Rfe8 17. Kh2 Bf5 *

[Event "World Junior U20 Girls 2018"]
[Site "Gebze"]
[Date "2018.09.14"]
[Round "10"]
[White "Koo, Wei Xin Rosamund"]
[Black "Koljevic, Nikolina"]
[Result "1-0"]
[ECO "D34"]
[WhiteElo "1918"]
[BlackElo "1898"]
[Annotator "NA"]
[PlyCount "135"]
[EventDate "2018.09.05"]
[EventType "swiss"]
[EventCountry "TUR"]
[SourceTitle "playchess.com"]
[Source "ChessBase"]
[SourceQuality "1"]
[TimeControl "40/5400+30:1800+30"]

1. d4 d5 2. Nf3 e6 3. c4 c5 4. cxd5 exd5 5. g3 Nf6 6. Bg2 Be7 7. O-O O-O 8. Nc3 Nc6 9. Bg5 cxd4 10. Nxd4 h6 11. Be3 Bg4 12. h3 Be6 13. Rc1 Rc8 14. Nxc6 bxc6 15. Na4 Qd7 16. Nc5 $11 Bxc5 17. Bxc5 Rfe8 18. Kh2 Bf5 19. e3 Ne4 20. Qd4 h5 21. h4 Re6 22. Rc4 Rg6 23. Ra4 a5 24. Rxa5 Qc7 25. Ra7 Qb8 26. Bxe4 Bxe4 27. Qb4 Qe5 28. Qb7 Qf5 29. Qd7 Qxd7 30. Rxd7 Rf6 31. Kg1 Rb8 32. b4 Bf3 33. a4 Re6 34. a5 Ra8 35. Ra1 Be2 36. Ra7 Rxa7 37. Bxa7 Re8 38. Bb6 Ra8 39. Rc1 Bb5 40. f3 f5 41. Kf2 Rc8 42. Ke1 Kf7 43. Kd2 Ke6 44. Kc3 g6 45. Re1 Ke5 46. Bd4+ Kd6 47. e4 Re8 48. Bc5+ Kd7 49. e5 Ke6 50. Bd6 Ra8 51. Kd4 Ra6 52. Rg1 Ba4 53. g4 hxg4 54. fxg4 fxg4 55. Rxg4 Bc2 56. Rg5 Ra8 57. h5 gxh5 58. Rxh5 Ra6 59. Rh6+ Kd7 60. Kc5 Bf5 61. Rf6 Be6 62. Rf8 Bg4 63. Rf7+ Kd8 64. Bc7+ Ke8 65. Rg7 Be6 66. Bb6 Bd7 67. Kd6 Bf5 68. e6 1-0

[Event "World Junior U20 Girls 2018"]
[Site "Gebze"]
[Date "2018.09.14"]
[Round "10"]
[White "Salah, Nadezhda"]
[Black "Hilario, Aleyla"]
[Result "0-1"]
[ECO "A28"]
[WhiteElo "1918"]
[BlackElo "2203"]
[Annotator "NA"]
[PlyCount "68"]
[EventDate "2018.09.05"]
[EventType "swiss"]
[EventCountry "TUR"]
[SourceTitle "playchess.com"]
[Source "ChessBase"]
[SourceQuality "1"]
[TimeControl "40/5400+30:1800+30"]

1. c4 e5 2. Nc3 Nf6 3. Nf3 Nc6 4. e3 Be7 5. Qb3 O-O 6. Be2 d6 7. O-O Nd7 8. d4 Kh8 9. d5 Ncb8 10. e4 f5 11. exf5 Nc5 12. Qa3 Bxf5 $11 13. Rd1 Nbd7 14. b4 Ne4 15. Be3 Qe8 16. Nxe4 Bxe4 17. Nd2 Bf5 18. Bd3 Qg6 19. Bxf5 Qxf5 20. f3 Nf6 21. Rf1 Qg6 22. Rae1 b5 23. Qa5 bxc4 24. Nxc4 Qd3 25. Rc1 Qxd5 26. Qxc7 Qe6 27. Na5 Rfc8 28. Qb7 Rcb8 29. Qa6 Nd5 30. Bd2 Nxb4 31. Bxb4 Rxb4 32. Rc7 Bd8 33. Rxa7 Rxa7 34. Qxa7 Bb6+ 0-1

[Event "World Junior U20 Girls 2018"]
[Site "Gebze"]
[Date "2018.09.14"]
[Round "10"]
[White "Ince, Safiye Oyku"]
[Black "Li, Xinyu"]
[Result "0-1"]
[ECO "B92"]
[WhiteElo "1905"]
[BlackElo "2086"]
[Annotator "NA"]
[PlyCount "93"]
[EventDate "2018.09.05"]
[EventType "swiss"]
[EventCountry "TUR"]
[SourceTitle "playchess.com"]
[Source "ChessBase"]
[SourceQuality "1"]
[TimeControl "40/5400+30:1800+30"]

1. e4 c5 2. Nf3 d6 3. d4 cxd4 4. Nxd4 Nf6 5. Nc3 a6 6. a4 e5 7. Nb3 Be7 8. Be2 O-O 9. O-O Nc6 10. f4 exf4 11. Bxf4 Be6 12. Kh1 Rc8 13. Bf3 {[%emt 0:06:30] B92: Sicilian Najdorf: 6 Be2} Ne5 {[%emt 0:00:30] LiveBook: 4 Games} 14. Nd4 Re8 {[%emt 0:10:30] [#]} 15. Bg5 $146 ({Predecessor:} 15. h3 g6 16. Rb1 Bf8 17. Be2 Bg7 18. Nxe6 fxe6 19. Qd4 Nf7 20. Qb4 Qc7 {1-0 (58) Marjanovic,S (2505)-Quinteros,M (2545) Bled/ Portoroz 1979}) 15... h6 16. Bxf6 Bxf6 17. Be2 Nc4 18. Bxc4 Rxc4 19. Nxe6 fxe6 20. Qh5 Qe7 21. Qf3 Rec8 22. Ra3 Be5 23. Rb3 Rd4 24. Qh3 Re8 25. Rd1 Rf8 26. Rg1 Rd2 27. Nd1 Rxc2 28. Qd3 Qh4 29. h3 Rc7 30. Rb6 Rcf7 31. Rb3 $19 Qf6 32. Ne3 h5 33. Nc4 Qf4 34. Nxe5 Qxe5 35. Rd1 Rd7 36. Rb6 Rfd8 37. Qf3 Rc8 38. Qd3 d5 39. Qe2 Rdc7 40. Re1 Rc1 41. Rxb7 Qf4 42. g3 Qxg3 43. Rd1 Qxh3+ 44. Kg1 Qg3+ 45. Kh1 Qh4+ 46. Kg1 Qg5+ 47. Kf2 0-1

[Event "World Junior U20 Girls 2018"]
[Site "Gebze"]
[Date "2018.09.14"]
[Round "10"]
[White "Aksoy, Ayca"]
[Black "Stanciu, Ioana-Georgiana"]
[Result "0-1"]
[ECO "D31"]
[WhiteElo "1898"]
[BlackElo "2000"]
[Annotator "NA"]
[PlyCount "102"]
[EventDate "2018.09.05"]
[EventType "swiss"]
[EventCountry "TUR"]
[SourceTitle "playchess.com"]
[Source "ChessBase"]
[SourceQuality "1"]
[TimeControl "40/5400+30:1800+30"]

1. d4 d5 2. Nf3 c6 3. c4 e6 4. Nc3 dxc4 5. a4 Bb4 6. e3 b5 7. Ne5 Qc7 {[%emt 0:10:30] D31: Queen's Gambit Declined: Semi-Slav without ...Nf6 (+ Marshall Gambit and Noteboom) and Exchange Variation lines without ...Nf6} ({Günstiger ist} 7... Bb7 $11 8. Bd2 a6 9. Ne4 Be7 10. Qg4 g6 11. Qh3 Nd7 12. Nxd7 Qxd7 13. Bc3 b4 14. Bd2 Qd5 15. Nc5 Bc8 {0-1 (39) Alonso Alvarez,A (2286)-Suarez Garcia,C (2455) Gijon 2017}) 8. Qg4 g6 $146 ({Predecessor:} 8... Kf8 9. Bd2 Bxc3 10. Bxc3 Nf6 11. Qg3 Qe7 12. Be2 Ne4 13. Qf3 Nxc3 14. bxc3 Bb7 15. O-O {0-1 (29) Lozbenev,P (2118)-Ozerov,D (2095) Moscow 2005}) 9. axb5 cxb5 10. Qf4 Bb7 11. Nxg6 Qxf4 12. Nxf4 Nf6 13. Bd2 a6 14. f3 Nc6 15. Ke2 Rd8 16. Rg1 Na5 17. g4 Nb3 18. Rd1 Nxd2 19. Rxd2 Nd5 20. Nfxd5 Bxd5 21. Bg2 Rg8 22. h3 a5 23. Nxd5 Rxd5 (23... exd5 $15 24. Rc2 Kd7) 24. Rc2 Ke7 25. f4 Rd6 26. g5 Rc8 $14 27. Be4 a4 28. h4 f5 29. gxf6+ Kxf6 30. Rg5 Rb6 31. h5 Rc7 32. d5 exd5 33. Bxd5 Rg7 34. Rxg7 Kxg7 35. Kf3 a3 36. bxa3 Bxa3 37. Ra2 Ra6 38. e4 c3 39. e5 Ra4 40. Rg2+ Kh6 41. e6 Bd6 42. Be4 b4 43. Bc2 Ra3 44. Re2 Be7 45. Ke4 b3 46. Bd3 Ra2 47. Re1 Rd2 48. f5 c2 49. Rc1 b2 50. Rxc2 b1=Q 51. Rxd2 Qb4+ 0-1

[Event "World Junior U20 Girls 2018"]
[Site "Gebze"]
[Date "2018.09.14"]
[Round "10"]
[White "Nass, Sara"]
[Black "Ivana Maria, Furtado"]
[Result "1/2-1/2"]
[ECO "A40"]
[WhiteElo "1888"]
[BlackElo "2144"]
[Annotator "NA"]
[PlyCount "62"]
[EventDate "2018.09.05"]
[EventType "swiss"]
[EventCountry "TUR"]
[SourceTitle "playchess.com"]
[Source "ChessBase"]
[SourceQuality "1"]
[TimeControl "40/5400+30:1800+30"]

1. e4 e6 2. d4 b6 3. c4 Bb7 4. Nc3 d6 5. Nf3 {[%emt 0:00:30] A40: Unusual replies to 1 d4} Nd7 6. Bd3 g6 7. O-O Bg7 8. Be3 Ne7 (8... Ngf6 9. h3 O-O 10. Qd2 e5 11. d5 Nh5 12. Nh2 a5 13. Be2 Nf4 14. Bf3 Bc8 15. h4 Nc5 16. g3 f5 17. gxf4 Qxh4 18. Bg2 fxe4 19. fxe5 Rf5 {½-½ (19) Xu,Y (2490)-Kamsky,G (2677) Moscow 2018}) 9. Qd2 h6 10. Rfe1 g5 11. h3 Ng6 12. Rad1 $146 ({Predecessor:} 12. Ne2 O-O {0-1 (35) Batsiashvili,N (2492)-Khurtsidze,N (2383) Teheran 2017}) 12... O-O 13. d5 e5 14. Ne2 Nf4 15. Ng3 Bc8 16. b4 Nf6 17. c5 N6h5 18. Nxh5 Nxh5 19. cxd6 cxd6 20. Rc1 Nf4 $14 21. Nh2 f5 22. f3 Nxd3 23. Qxd3 f4 24. Bf2 Bd7 25. Rc3 Rc8 26. Rec1 Rxc3 27. Qxc3 Qe7 28. Qd3 Rc8 29. Rxc8+ Bxc8 30. Qc4 Qb7 31. Nf1 Bd7 1/2-1/2

[Event "World Junior U20 Girls 2018"]
[Site "Gebze"]
[Date "2018.09.14"]
[Round "10"]
[White "Nassr, Lina"]
[Black "Kamalidenova, Meruert"]
[Result "1/2-1/2"]
[ECO "D00"]
[WhiteElo "1854"]
[BlackElo "2011"]
[Annotator "NA"]
[PlyCount "79"]
[EventDate "2018.09.05"]
[EventType "swiss"]
[EventCountry "TUR"]
[SourceTitle "playchess.com"]
[Source "ChessBase"]
[SourceQuality "1"]
[TimeControl "40/5400+30:1800+30"]

1. d4 Nf6 2. Nc3 d5 3. Bf4 g6 4. Nf3 Bg7 5. e3 O-O 6. Be2 c6 7. Ne5 Bf5 8. g4 Bc8 9. h4 Ne4 10. Nxe4 dxe4 11. h5 f6 $16 (11... Be6 $14) 12. Nc4 e6 13. hxg6 hxg6 14. Nd6 Qb6 15. Bc4 Bd7 16. Bb3 c5 17. dxc5 Qxc5 18. Qe2 Na6 19. O-O-O Qc6 20. Qf1 Nc5 21. Qh3 Rfc8 22. Qh7+ Kf8 23. Nxc8 Nxb3+ 24. axb3 Rxc8 25. Rd2 g5 26. Bd6+ Kf7 27. Qh5+ Kg8 28. Qg6 Be8 29. Qh7+ Kf7 30. Qh3 a5 31. Ba3 b5 32. Bd6 a4 33. bxa4 Qa6 34. Qh2 Qxa4 35. Kb1 b4 36. Qh5+ Kg8 37. Qh7+ Kf7 38. Qh5+ Kg8 39. Qh7+ Kf7 40. Qh5+ 1/2-1/2

[Event "World Junior U20 Girls 2018"]
[Site "Gebze"]
[Date "2018.09.14"]
[Round "10"]
[White "Sade, Defne"]
[Black "Vujcic, Milena"]
[Result "1-0"]
[ECO "C79"]
[WhiteElo "1826"]
[BlackElo "1955"]
[Annotator "NA"]
[PlyCount "73"]
[EventDate "2018.09.05"]
[EventType "swiss"]
[EventCountry "TUR"]
[SourceTitle "playchess.com"]
[Source "ChessBase"]
[SourceQuality "1"]
[TimeControl "40/5400+30:1800+30"]

1. e4 e5 2. Nf3 Nc6 3. Bb5 a6 4. Ba4 Nf6 5. d3 d6 6. O-O g6 {[%emt 0:00:00] C79: Ruy Lopez: Steinitz-type lines with 3...a6 4 Ba4 Nf6 5 0-0 d6} (6... b5 7. Bb3 Be7 8. a3 O-O 9. Nc3 Na5 10. Ba2 Be6 11. b4 Bxa2 12. Rxa2 Nc6 13. Bg5 Qd7 14. Bxf6 Bxf6 15. Nd5 a5 16. Nxf6+ gxf6 17. Rb2 axb4 18. axb4 {1-0 (40) Bacrot,E (2722)-Gretarsson,H (2565) chess.com INT 2018}) 7. Nc3 Bg7 8. Bg5 O-O 9. Qd2 b5 $146 ({Predecessor:} 9... Bg4 10. Qe3 b5 11. Bb3 Qd7 12. Nd5 Nxd5 13. Bxd5 Rfb8 14. h3 {1-0 (33) Schoenbuchner,G-Trevis,R LSS email 2007}) 10. Bb3 Qe8 11. Nh4 Nd4 12. Rae1 a5 13. a4 b4 14. Nd5 Nxb3 15. cxb3 Nxd5 16. exd5 Bb7 17. Bh6 Qe7 18. g3 Bxd5 19. d4 e4 20. Ng2 Bxb3 21. Bxg7 Kxg7 22. d5 Bxa4 23. f3 c5 24. Rxe4 Qd7 25. Rh4 f6 26. Nf4 Kg8 27. Ne6 Rfe8 28. Qf4 Rxe6 29. dxe6 Qxe6 30. Qh6 Qe7 31. Re4 Qf7 32. Rfe1 Re8 33. Rxe8+ Bxe8 34. Qf4 Bc6 $18 (34... Qf8 $1 $11) 35. Qxd6 Qd5 36. Re8+ Kg7 37. Qf8# 1-0

[Event "World Junior U20 Girls 2018"]
[Site "Gebze"]
[Date "2018.09.14"]
[Round "10"]
[White "Catal, Uktenur"]
[Black "Kyrkjebo, Hanna B"]
[Result "1-0"]
[ECO "E29"]
[WhiteElo "1809"]
[BlackElo "1947"]
[Annotator "NA"]
[PlyCount "133"]
[EventDate "2018.09.05"]
[EventType "swiss"]
[EventCountry "TUR"]
[SourceTitle "playchess.com"]
[Source "ChessBase"]
[SourceQuality "1"]
[TimeControl "40/5400+30:1800+30"]

1. d4 Nf6 2. c4 e6 3. Nc3 Bb4 4. a3 Bxc3+ $1 5. bxc3 c5 6. e3 O-O 7. Bd3 Nc6 8. Ne2 b6 9. O-O Ba6 10. e4 Ne8 11. f4 f5 12. exf5 exf5 13. dxc5 bxc5 14. Be3 d6 $11 {[%emt 0:12:30] LiveBook: 21 Partien} 15. Ng3 Qd7 16. Qf3 Bb7 17. Qd5+ Kh8 18. Bxf5 Qe7 19. Qd3 Nf6 20. Rae1 Qc7 21. Ne4 Nxe4 22. Bxe4 h6 23. Rd1 Rae8 24. Bg6 Re6 25. f5 Ref6 26. Bg5 Ne5 27. Qg3 Qc6 28. Bxf6 Rxf6 29. Rde1 Qa4 30. Rb1 Qc6 31. Rfe1 Kg8 32. Rbd1 Rf8 33. Re2 Qc7 34. Qh4 Bf3 35. Rxe5 Bxd1 36. Rd5 Ba4 37. Qe4 Bd7 38. Qe7 Qc8 39. Qxd6 Ba4 40. Rxc5 Qb7 41. Qd5+ Qxd5 42. cxd5 Rd8 43. Kf2 Be8 44. Bxe8 Rxe8 45. c4 Kf7 46. Rc7+ Kf6 47. g4 Re4 48. Kf3 Rd4 49. a4 a5 50. h3 Ke5 51. Re7+ Kd6 52. Rxg7 Rxc4 53. Rg6+ Kxd5 54. Rxh6 Rxa4 55. Kg3 Ra1 56. Kf4 a4 57. h4 a3 58. Ra6 a2 59. Kg5 Ke5 60. h5 Kd5 61. h6 Ke4 62. h7 Rh1 63. Kg6 Rh4 64. g5 Rh2 65. Rxa2 Rh1 66. f6 Ke5 67. f7 1-0

[Event "World Junior U20 Girls 2018"]
[Site "Gebze"]
[Date "2018.09.14"]
[Round "10"]
[White "Can, Isil"]
[Black "Celik, Eylul"]
[Result "0-1"]
[ECO "B43"]
[WhiteElo "1798"]
[BlackElo "2014"]
[Annotator "NA"]
[PlyCount "86"]
[EventDate "2018.09.05"]
[EventType "swiss"]
[EventCountry "TUR"]
[SourceTitle "playchess.com"]
[Source "ChessBase"]
[SourceQuality "1"]
[TimeControl "40/5400+30:1800+30"]

1. e4 c5 2. Nf3 e6 3. d4 cxd4 4. Nxd4 Qb6 5. Nb3 Qc7 6. Nc3 a6 7. Bd3 Nf6 8. O-O b5 9. Qe2 b4 {[%emt 0:10:30] B43: Sicilian: Kan Variation: 5 Nc3} (9... d6 10. Bd2 Nc6 11. a4 b4 12. Na2 Qb7 13. Rab1 Be7 14. c3 bxc3 15. bxc3 Ne5 16. Bc2 Qc7 17. a5 {½-½ (53) Ponomariov,R (2731)-Vachier Lagrave,M (2745) Beijing 2013}) 10. Nd1 Bb7 11. e5 Nd5 12. f4 a5 13. c4 bxc3 14. Nxc3 a4 15. Nxd5 Bxd5 16. Nd4 Bc5 17. Be3 Qb6 $146 18. Qf2 Nc6 19. Nf5 Bxe3 20. Qxe3 Qxe3+ 21. Nxe3 Nb4 22. Nxd5 Nxd5 23. b3 Ke7 24. g3 Rhb8 25. bxa4 Rxa4 26. Bc2 Rd4 27. Bb3 Nc3 28. Rfe1 h5 29. Rac1 Rc8 30. Rc2 Rd3 $11 31. Kf2 Rc6 32. Kg2 Nxa2 33. Rxc6 dxc6 34. Bc4 Rc3 35. Be2 Rc2 36. Kh3 g6 37. Bd3 Rd2 38. Re2 Rxe2 39. Bxe2 Nc3 40. Bd3 Nd5 41. Kh4 c5 42. Kg5 Ne3 43. f5 exf5 0-1

[Event "World Junior U20 Girls 2018"]
[Site "Gebze"]
[Date "2018.09.14"]
[Round "10"]
[White "Zairbek kyzy, Begimay"]
[Black "Aubert, Laurane"]
[Result "1-0"]
[ECO "B22"]
[WhiteElo "1770"]
[BlackElo "1970"]
[Annotator "NA"]
[PlyCount "69"]
[EventDate "2018.09.05"]
[EventType "swiss"]
[EventCountry "TUR"]
[SourceTitle "playchess.com"]
[Source "ChessBase"]
[SourceQuality "1"]
[TimeControl "40/5400+30:1800+30"]

1. e4 c5 2. c3 Nf6 3. e5 Nd5 4. d4 cxd4 5. cxd4 e6 6. Nf3 d6 7. Bc4 Nc6 8. O-O Be7 9. a3 O-O 10. Bd3 {[%emt 0:03:30] B22: Sicilian: 2 c3} Qc7 (10... Bd7 11. Qc2 g6 12. Bh6 Re8 13. Nbd2 Rc8 14. Qd1 dxe5 15. dxe5 Qc7 16. Qe1 Red8 17. Qe4 b5 {½-½ (70) Wang,H (2734)-Yu,Y (2734) Danzhou 2016 CBM 174 [Bronznik,V]}) 11. Re1 Bd7 12. Nc3 Nxc3 13. bxc3 dxe5 14. dxe5 f6 $146 ({Predecessor:} 14... Na5 15. Ng5 h6 16. Nh7 Rfd8 17. Bxh6 gxh6 {0-1 (32) Sieg,K-Rubel,J (2103) Germany 2005}) 15. Qc2 f5 16. Bc4 Na5 17. Ba2 Rac8 18. Nd4 Nc4 19. Rb1 $14 b6 20. Qe2 Kh8 21. a4 Bd8 22. Rb4 Nxe5 23. Nxe6 Bxe6 24. Bxe6 Ng4 25. g3 Be7 26. Rc4 Bc5 27. Bxc8 Nxf2 28. Be3 Nh3+ 29. Kg2 Qxc8 30. Bxc5 bxc5 31. Kxh3 f4+ 32. Qe6 Qd8 33. Rxf4 Rxf4 34. gxf4 Qd3+ 35. Kg2 1-0

[Event "World Junior U20 Girls 2018"]
[Site "Gebze"]
[Date "2018.09.14"]
[Round "10"]
[White "Yorgun, Yaren Naz"]
[Black "Nemcova, Karin"]
[Result "1/2-1/2"]
[ECO "B80"]
[WhiteElo "1751"]
[BlackElo "1990"]
[Annotator "NA"]
[PlyCount "61"]
[EventDate "2018.09.05"]
[EventType "swiss"]
[EventCountry "TUR"]
[SourceTitle "playchess.com"]
[Source "ChessBase"]
[SourceQuality "1"]
[TimeControl "40/5400+30:1800+30"]

1. e4 c5 2. Nf3 e6 3. d4 cxd4 4. Nxd4 Nc6 5. Nc3 {[%emt 0:00:30] LiveBook: 24566 Games} d6 6. g3 Nf6 7. Bg2 Be7 8. Nxc6 bxc6 9. e5 Nd5 10. exd6 Bxd6 11. O-O {[%emt 0:04:30] B80: Sicilian Scheveningen: 6 g3 and 6 Be3, including English Attack} (11. Ne4 Ba6 12. Bf1 Bxf1 13. Kxf1 Be7 14. Kg2 O-O 15. Qe2 Rb8 16. c4 Nf6 17. Ng5 Qb6 18. Rb1 Rfd8 {1-0 (70) Rambaldi,F (2559)-Sukandar,I (2423) Saint Louis 2017}) 11... O-O 12. Ne4 Ba6 13. Re1 Be7 14. Bd2 Rb8 15. Qc1 $146 ({Predecessor:} 15. b3 f5 16. Nc3 Bf6 17. Nxd5 Bxa1 18. Rxe6 cxd5 19. Rxa6 {0-1 (31) Pinkas,K (2320)-Kukawski,M (2338) Mrzezyno 2011}) 15... c5 16. Rd1 Be2 17. Re1 Ba6 18. Rd1 c4 $11 19. Rb1 Qc8 20. Nc3 Nxc3 21. Bxc3 Rd8 22. Rxd8+ Qxd8 23. Qd1 Qb6 24. Qd4 Qxd4 25. Bxd4 Bf6 26. Bxa7 Rxb2 27. Rxb2 Bxb2 28. Bf1 Kf8 29. f4 Ke7 30. Kf2 Kd6 31. Ke3 1/2-1/2

[Event "World Junior U20 Girls 2018"]
[Site "Gebze"]
[Date "2018.09.14"]
[Round "10"]
[White "Incecik, Seyma Zeynep"]
[Black "Santeramo, Alessia"]
[Result "1/2-1/2"]
[ECO "C56"]
[WhiteElo "1716"]
[BlackElo "2124"]
[Annotator "NA"]
[PlyCount "60"]
[EventDate "2018.09.05"]
[EventType "swiss"]
[EventCountry "TUR"]
[SourceTitle "playchess.com"]
[Source "ChessBase"]
[SourceQuality "1"]
[TimeControl "40/5400+30:1800+30"]

1. e4 e5 2. Bc4 Nf6 3. d4 exd4 4. Nf3 Nc6 5. O-O Nxe4 6. Re1 d5 7. Bxd5 Qxd5 8. Nc3 Qh5 9. Nxe4 Be6 10. Bg5 Bd6 11. Nxd6+ cxd6 12. Bf4 Qd5 13. c3 Qf5 14. cxd4 Qxf4 15. d5 O-O 16. dxe6 $19 {[%emt 0:05:00] and White stays safe.} (16. Rxe6 $2 ) 16... fxe6 17. Rxe6 Ne5 18. Rxd6 Nxf3+ 19. gxf3 Qxf3 20. Qxf3 Rxf3 21. Rd7 Rf7 22. Rad1 Raf8 23. Rxf7 Rxf7 24. Rd8+ Rf8 25. Rd7 Rf7 26. Rd8+ Rf8 27. Rd7 Rf7 28. Rd8+ Rf8 29. Rd7 Rf7 30. Rd8+ Rf8 1/2-1/2

[Event "World Junior U20 Girls 2018"]
[Site "Gebze"]
[Date "2018.09.14"]
[Round "10"]
[White "Rousseau, Christilla"]
[Black "Aydin, Gulenay"]
[Result "0-1"]
[ECO "A48"]
[WhiteElo "1677"]
[BlackElo "1882"]
[Annotator "NA"]
[PlyCount "92"]
[EventDate "2018.09.05"]
[EventType "swiss"]
[EventCountry "TUR"]
[SourceTitle "playchess.com"]
[Source "ChessBase"]
[SourceQuality "1"]
[TimeControl "40/5400+30:1800+30"]

1. d4 Nf6 2. Bf4 g6 3. e3 Bg7 4. Nf3 O-O {[%emt 0:00:00] LiveBook: 1864 Games} 5. h3 d6 6. Be2 c5 7. c3 Qb6 8. Qb3 Be6 {[%emt 0:01:30] A48: 1 d4 Nf6 2 Nf3 g6: Torre, London and Colle Systems} 9. Qc2 (9. Qxb6 axb6 10. a3 Bd5 11. O-O Bc6 12. Nbd2 Nbd7 13. Rfe1 Rfd8 14. Bh2 b5 15. Bf1 e5 16. e4 exd4 17. cxd4 d5 18. e5 {0-1 (54) Morozevich,A (2722)-Grischuk,A (2777) Loo 2014}) 9... Nc6 10. Nbd2 d5 $146 ({Predecessor:} 10... cxd4 11. Nxd4 Nxd4 12. exd4 Rac8 13. Nf3 Nd5 14. Be3 Nxe3 15. fxe3 {0-1 (41) Trabazos Gallego,J (1922)-Moya Mallafre,E (1989) Benidorm 2011}) 11. dxc5 Qxc5 12. O-O b5 13. Nb3 Qb6 14. Nbd4 Nxd4 15. exd4 Ne4 16. Qb3 Nd6 17. Ne5 h6 18. Nd3 a6 19. Nc5 Nc4 20. Rad1 Qc6 21. Rfe1 Bc8 22. Nd3 Bb7 23. Bf3 Rfe8 24. Bh2 Rad8 25. Ne5 Nxe5 26. dxe5 e6 27. Bf4 $14 Re7 28. Qb4 Rc7 29. Qd4 Rdc8 30. h4 a5 31. Qd2 Kh7 32. g4 Ba6 33. a3 Rb7 34. Qc2 b4 35. Bd2 Bb5 36. h5 Ba4 37. hxg6+ fxg6 38. b3 bxc3 39. bxa4 cxd2 40. Qxd2 Qxa4 41. Kg2 Rc2 42. Qd3 Rbb2 43. Re2 Rxe2 44. Bxe2 Qf4 45. Bf3 Bxe5 46. Kh1 Qh2# 0-1

[Event "World Junior U20 Girls 2018"]
[Site "Gebze"]
[Date "2018.09.14"]
[Round "10"]
[White "Esti, Kubra Selenay"]
[Black "Bail, Ellen Larissa"]
[Result "0-1"]
[ECO "E61"]
[WhiteElo "1662"]
[BlackElo "1832"]
[Annotator "NA"]
[PlyCount "80"]
[EventDate "2018.09.05"]
[EventType "swiss"]
[EventCountry "TUR"]
[SourceTitle "playchess.com"]
[Source "ChessBase"]
[SourceQuality "1"]
[TimeControl "40/5400+30:1800+30"]

1. d4 Nf6 2. Bf4 g6 3. e3 Bg7 4. Nf3 O-O 5. Be2 d6 6. h3 Nfd7 7. c4 e5 8. Bh2 Nc6 9. Nc3 f5 10. O-O {[%emt 0:12:30] E61: King's Indian: Early deviations for White, including Smyslov System} e4 (10... Kh8 11. a3 e4 12. Nd2 Ne7 13. b4 Nf6 14. Rc1 Be6 15. f3 exf3 16. Bxf3 c6 17. b5 Bg8 18. a4 Rc8 {1-0 (31) Matlakov,M (2689)-Huzman,A (2580) Berlin 2015}) 11. Nd2 Nf6 12. Qa4 Re8 $146 ({Predecessor:} 12... Kh8 13. b4 g5 14. b5 Ne7 15. Qa3 Be6 16. f3 exf3 17. Bxf3 {1-0 (53) Dos Santos,H (2160)-Capelo,M (1867) Sao Paulo 2015}) 13. Nb5 a6 14. Nc3 g5 15. b4 Ne7 16. Qd1 Ng6 17. Bh5 Nxh5 18. Qxh5 Nf8 19. a3 Re6 20. Qe2 Rh6 21. f3 exf3 22. Qxf3 c6 23. Ne2 $11 ({White should try} 23. c5 $14) 23... Qe7 24. Rae1 Ng6 25. Bg3 Bd7 26. Nc1 Nh4 27. Qf2 Re8 28. Ncb3 b6 29. c5 bxc5 30. bxc5 d5 31. Bd6 Qf7 32. Nb1 Qh5 33. Bg3 Rf8 34. Bd6 Ra8 35. Bg3 Ng6 36. Qe2 g4 37. hxg4 fxg4 38. Qd3 Qh1+ 39. Kf2 Rf8+ 40. Ke2 Qxg2+ 0-1